 Dungeon Crawl Stone Soup version 0.27.0-1-g7a089689b8 (webtiles) character file.

Game seed: 2993651914016615616

22783 mhtbhm the Severer (level 12, -19/112 HPs)
             Began as a Minotaur Berserker on Aug 1, 2021.
             Was a High Priest of Trog.
             Demolished by an orc knight (30 damage)
             ... on level 1 of the Elven Halls.
             The game lasted 00:13:48 (12574 turns).

mhtbhm the Severer (Minotaur Berserker)            Turns: 12574, Time: 00:13:49

Health: -19/112    AC: 14    Str: 32    XL:     12   Next: 66%
Magic:  11/11      EV: 13    Int:  4    God:    Trog [*****.]
Gold:   1281       SH:  5    Dex: 11    Spells: 11/11 levels left

rFire    . . .     SeeInvis .   a - +5 executioner's axe (vorpal)
rCold    . . .     Faith    .   (shield currently unavailable)
rNeg     . . .     Spirit   .   b - +4 scale mail
rPois    .         Reflect  +   (helmet restricted)
rElec    .         Harm     .   K - +0 cloak
rCorr    .         Rampage  .   (no gloves)
Will     .....                  (no boots)
Stlth    ..........             u - amulet of reflection
HPRegen  0.28/turn              m - +6 ring of strength
MPRegen  0.12/turn              c - +4 ring of slaying

@: on berserk cooldown, slowed, very slow
A: horns 2, retaliatory headbutt
a: Renounce Religion, Berserk, Trog's Hand, Brothers in Arms


You were on level 1 of the Elven Halls.
You worshipped Trog.
Trog was extremely pleased with you.
You visited 3 branches of the dungeon, and saw 14 of its levels.

You collected 1281 gold pieces.

Inventory:

Hand Weapons
 a - a +5 vorpal executioner's axe (weapon)
Missiles
 I - a throwing net (quivered)
Armour
 b - a +4 scale mail (worn)
 K - a +0 cloak (worn)
Jewellery
 c - a +4 ring of slaying (right hand)
 f - a ring of protection from fire
 m - a +6 ring of strength (left hand)
 u - an amulet of reflection (around neck)
 x - a ring of flight
 C - a ring of poison resistance
 D - a +4 ring of protection
Wands
 p - a wand of iceblast (21)
 v - a wand of mindburst (11)
 y - a wand of flame (19)
 E - a wand of digging (6)
 G - a wand of polymorph (7)
 J - a wand of acid (6)
Scrolls
 d - 4 scrolls of teleportation
 e - 3 scrolls of vulnerability
 g - a scroll of fog
 h - a scroll of enchant armour
 n - a scroll of summoning
 q - a scroll of immolation
 w - a scroll of fear
 F - a scroll of silence
 H - a scroll of enchant weapon
Potions
 i - 2 potions of mutation {unknown}
 j - 3 potions of degeneration {unknown}
 k - a potion of ambrosia {unknown}
 l - 4 potions of flight {unknown}
 o - 2 potions of invisibility {unknown}
 r - a potion of curing
 s - a potion of heal wounds {unknown}
 t - a potion of resistance {unknown}
 z - 3 potions of lignification {unknown}
 A - 3 potions of haste {unknown}
 B - 2 potions of attraction {unknown}


   Skills:
 + Level 12.0 Fighting
 + Level 16.7 Axes
 + Level 11.2 Armour
 + Level 6.8 Dodging
 - Level 0.8 Stealth
 + Level 6.0 Shields
 + Level 0.3 Evocations


You had 11 spell levels left.
You didn't know any spells.
Your spell library was empty.

Dungeon Overview and Level Annotations

Branches:
Dungeon (11/15)            Temple (0/1) D:5            Lair (0/6) D:11
    Orc (2/2) D:11            Elf (1/3) Orc:2

Altars:
Cheibriados
Dithmenos
Gozag
Qazlal
Ru
The Shining One
Beogh

Shops:
D:2 !   D:11 (

Annotations:
Orc:2 Urug
Elf:1 6 runed translucent doors


Innate Abilities, Weirdness & Mutations

You have a pair of horns on your head.
You reflexively headbutt those who attack you in melee.


Message History

You slice the orc priest!!
You kill the orc priest!
Trog accepts your kill.
You slash the orc warrior!
You feel the power of Trog in you as your rage grows.
You kill the orc warrior!
Trog accepts your kill.
You slice the orc warrior!!
You kill the orc warrior!
Trog accepts your kill.
You barely miss the orc knight.
The orc knight hits you from afar with a +2 halberd of distortion!!
Space bends around you.
An orc warlord comes into view.
It is wielding a +2 great mace of holy wrath and wearing a +2 chain mail of cold resistance.
You barely miss the orc knight. Your headbutt misses the orc knight.
The orc knight is moderately wounded.
You slice the orc wizard!!
You kill the orc wizard!
Trog accepts your kill.
Trog appreciates your killing of a magic user.
The orc warrior completely misses you.
The orc priest miscasts a cantrip.
There is a staircase to the Elven Halls here.
You can't go up here!
You feel a strong urge to attack something.
You are no longer berserk.
You are exhausted.
You feel yourself slow down.
The orc warrior hits you from afar with a +0 trident!
The orc knight roars a battlecry!
You hear a shout!
You climb downwards.
Welcome back to the Elven Halls!
Level annotation: 6 runed translucent doors
There is a staircase back to the Mines here.
Unknown command.
You feel better.
The orc knight hits you with a +0 great mace!!
* * * LOW HITPOINT WARNING * * *
The orc knight hits you with a +0 great mace!!
You die...

#### ### ####
....e##⌠##..$..
....e+o..+e....
..$.e+.@.+e....
....e+...+.....
.....##⌠##..)..
#### ### ####


You could see an orc knight (strong), 2 deep elf sorcerers, a deep elf
pyromancer and 3 deep elf zephyrmancers.

Vanquished Creatures
  A stone giant (D:9)
  Fannar (D:11)
  2 boulder beetles (D:9)
  Erolcha (Orc:2)
  A catoblepas (D:9)
  4 two-headed ogres
  An orc knight (D:9)
  2 ugly things (D:9)
  An orc sorcerer (Orc:2)
  2 centaur zombies (D:11)
  A gargoyle (D:11)
  An unseen horror (D:11)
  Psyche (D:8)
  A komodo dragon (D:10)
  3 trolls
  A wolf spider simulacrum (D:11)
  2 hornets
  4 wyverns (D:11)
  20 yaks
  A wraith (D:11)
  Eustachio (D:6)
  2 steam dragons
  5 vampire mosquitoes
  A basilisk (shapeshifter) (D:9)
  2 wargs
  Duvessa (D:5)
  7 water moccasins
  19 orc warriors
  2 sky beasts
  3 ice beasts
  A black bear (D:6)
  An ogre (D:7)
  2 centaurs
  A phantom (D:7)
  A kobold brigand (D:9)
  2 bullfrogs
  A wyvern zombie (D:8)
  3 scorpions
  3 gnoll sergeants
  Dowan (D:5)
  A howler monkey (D:9)
  2 bullfrog zombies
  3 gnoll shamans
  A bullfrog skeleton (D:7)
  2 centaur skeletons
  A jelly (D:6)
  15 orc priests
  3 iguanas
  27 orc wizards
  A killer bee zombie (D:6)
  2 hound skeletons
  2 howler monkey zombies
  A howler monkey skeleton (D:4)
  11 adders
  21 gnolls
  3 worms
  5 dart slugs
  52 orcs
  7 endoplasms
  3 giant cockroaches
  9 goblins
  8 hobgoblins
  3 jackals (D:2)
  9 kobolds
  5 quokkas
  11 ball pythons
  2 bats
  6 frilled lizards
  5 rats
331 creatures vanquished.

Vanquished Creatures (others)
  2 fungi (D:11)
  17 plants
19 creatures vanquished.

Grand Total: 350 creatures vanquished

Notes
Turn   | Place    | Note
-------+----------+-------------------------------------------
     0 | D:1      | mhtbhm the Minotaur Berserker began the quest for the Orb.
     0 | D:1      | Reached XP level 1. HP: 19/19 MP: 0/0
   223 | D:1      | Reached skill level 4 in Axes
   223 | D:1      | Reached XP level 2. HP: 20/27 MP: 1/1
   496 | D:1      | Found a faded altar of an unknown god.
   763 | D:2      | Reached XP level 3. HP: 33/33 MP: 2/2
   772 | D:2      | Reached ** piety under Trog
  1117 | D:2      | Reached XP level 4. HP: 41/41 MP: 3/3
  1136 | D:2      | Reached skill level 5 in Axes
  1313 | D:2      | Found Zecsamn's Distillery.
  1349 | D:2      | Found a glowing golden altar of the Shining One.
  1667 | D:3      | Noticed an ice beast
  1673 | D:3      | Killed an ice beast
  1674 | D:3      | Reached skill level 5 in Fighting
  1674 | D:3      | Reached XP level 5. HP: 37/48 MP: 4/4
  2146 | D:3      | Reached *** piety under Trog
  2147 | D:3      | Reached skill level 6 in Axes
  2625 | D:4      | Reached XP level 6. HP: 56/56 MP: 5/5
  2704 | D:4      | Found a shadowy altar of Dithmenos.
  3424 | D:5      | Entered Level 5 of the Dungeon
  3433 | D:5      | Found a staircase to the Ecumenical Temple.
  3442 | D:5      | Reached skill level 7 in Axes
  3466 | D:5      | Noticed a water moccasin
  3475 | D:5      | Killed a water moccasin
  3476 | D:5      | Reached XP level 7. HP: 62/62 MP: 6/6
  3552 | D:5      | Noticed Duvessa
  3552 | D:5      | Noticed Dowan
  3570 | D:5      | Killed Duvessa
  3570 | D:5      | Killed Dowan
  3571 | D:5      | Reached skill level 5 in Armour
  3702 | D:5      | Reached skill level 8 in Axes
  3706 | D:5      | Reached skill level 1 in Shields
  3783 | D:5      | Reached XP level 8. HP: 70/70 MP: 7/7
  4141 | D:6      | Reached **** piety under Trog
  4192 | D:6      | Noticed Eustachio
  4197 | D:6      | Reached skill level 9 in Axes
  4201 | D:6      | Killed Eustachio
  4851 | D:7      | Reached skill level 10 in Axes
  4915 | D:7      | Identified the +6 hunting sling of Valour {flame, Fly rC+
                  | Will- Dex+3}
  4926 | D:7      | Reached XP level 9. HP: 78/78 MP: 8/8
  5341 | D:8      | Reached ***** piety under Trog
  5495 | D:8      | Reached skill level 11 in Axes
  5533 | D:8      | Noticed Psyche
  5537 | D:8      | Killed Psyche
  6260 | D:9      | Noticed a two-headed ogre
  6267 | D:9      | Killed a two-headed ogre
  6268 | D:9      | Reached XP level 10. HP: 85/90 MP: 9/9
  6274 | D:9      | Reached skill level 12 in Axes
  6335 | D:9      | Noticed a two-headed ogre
  6346 | D:9      | Killed a two-headed ogre
  6630 | D:9      | Reached skill level 5 in Dodging
  6764 | D:9      | Noticed a red ugly thing
  6765 | D:9      | Noticed a boulder beetle
  6771 | D:9      | Killed a red ugly thing
  6779 | D:9      | Killed a boulder beetle
  6955 | D:9      | Reached skill level 13 in Axes
  6955 | D:9      | Noticed a boulder beetle
  6980 | D:9      | Killed a boulder beetle
  6981 | D:9      | Reached skill level 10 in Armour
  7168 | D:9      | Noticed a brown ugly thing
  7178 | D:9      | Killed a brown ugly thing
  7179 | D:9      | Reached XP level 11. HP: 99/99 MP: 10/10
  7179 | D:9      | Noticed a two-headed ogre
  7180 | D:9      | Noticed an orc knight
  7187 | D:9      | Killed a two-headed ogre
  7196 | D:9      | Killed an orc knight
  7197 | D:9      | Reached skill level 10 in Fighting
  7727 | D:9      | Noticed a catoblepas
  7753 | D:9      | Killed a catoblepas
  7754 | D:9      | Reached skill level 5 in Shields
  7771 | D:9      | Noticed a stone giant
  8154 | D:9      | Killed a stone giant
  8397 | D:10     | Entered Level 10 of the Dungeon
  8414 | D:10     | Reached skill level 14 in Axes
  8721 | D:10     | Received a gift from Trog
  8813 | D:10     | Found a stormy altar of Qazlal.
  8813 | D:10     | Found a snail-covered altar of Cheibriados.
  8813 | D:10     | Found an opulent altar of Gozag.
  8813 | D:10     | Found a sacrificial altar of Ru.
  9196 | D:10     | Identified the +1 leather armour of Amorality {rPois Str+2
                  | Dex-4}
  9559 | D:11     | Found a staircase to the Orcish Mines.
  9740 | D:11     | Noticed Fannar
  9750 | D:11     | Killed Fannar
  9854 | D:11     | Found Ocanoud's Antique Weapon Boutique.
  9883 | D:11     | Reached skill level 15 in Axes
  9886 | D:11     | Reached XP level 12. HP: 110/110 MP: 11/11
 10076 | D:11     | Noticed a two-headed ogre
 10089 | D:11     | Killed a two-headed ogre
 10400 | D:11     | Found a staircase to the Lair.
 10840 | D:11     | Found an opulent altar of Gozag.
 10860 | D:11     | Reached skill level 16 in Axes
 11158 | Orc:1    | Entered Level 1 of the Orcish Mines
 11637 | Orc:2    | Entered Level 2 of the Orcish Mines
 11813 | Orc:2    | Noticed Erolcha
 11819 | Orc:2    | Killed Erolcha
 11860 | Orc:2    | Found a staircase to the Elven Halls.
 12217 | Orc:2    | Noticed Urug
 12223 | Orc:2    | Identified the +11 battleaxe of the Other Side {flame,
                  | Dex+3} (Trog gifted it to you on level 2 of the Orcish
                  | Mines)
 12223 | Orc:2    | Received a gift from Trog
 12230 | Elf:1    | Entered Level 1 of the Elven Halls
 12230 | Elf:1    | Found a runed translucent gate.
 12230 | Elf:1    | Found a runed translucent gate.
 12230 | Elf:1    | Found a runed translucent gate.
 12230 | Elf:1    | Found a runed translucent gate.
 12230 | Elf:1    | Found a runed translucent gate.
 12230 | Elf:1    | Found a runed translucent gate.
 12230 | Elf:1    | Noticed a deep elf sorcerer
 12230 | Elf:1    | Noticed a deep elf sorcerer
 12570 | Orc:2    | Noticed an orc warlord
 12574 | Elf:1    | Demolished by an orc knight

Illustrated notes

Levels and vault maps discovered:
D:1:      scummos_arrival_gate, layout_rooms, ebering_ecumenical_altar_webs
D:2:      layout_rooms, basic_altar, serial_shops, nicolae_lakefront_shop,
          minmay_heptomino_l4
D:3:      layout_basic, nrook_campfire
D:4:      layout_loops_ring, nicolae_dithmenos_through_a_glass_darkly,
          kennysheep_cross_room, st_stairs_11, serial_bayou_lagoon_a,
          dk_noncrumbling_3
D:5:      layout_loops_ring, minmay_temple_entry_proselytizer,
          kennysheep_minor_cross, uniq_duvessa
D:6:      layout_basic, uniq_eustachio
D:7:      layout_cave_pools
D:8:      layout_cave_pods, uniq_psyche
D:9:      minmay_chopped_fan, layout_grid_maze, grunt_ministairs_2, minivault_1
D:10:     kennysheep_blocky_hall, layout_basic,
          chequers_temple_overflow_statue_of_worship, grunt_decor_fettered
D:11:     layout_roguey, minmay_lair_entry_grove, david_orc_2, serial_shops,
          kennysheep_mini_moat, nicolae_gozag_cash_rules_everything_around_me,
          uniq_fannar
Orc:1:    layout_diamond_mine, basic_altar
Orc:2:    st_orc_congregation, layout_diamond_mine, uniq_urug, uniq_erolcha
Elf:1:    nicolae_elf_arrival_dilemma, layout_geoelf_grid,
          kennysheep_underground_church, minmay_the_grid_square_5x5_3x3_mashed
          [minmay_the_grid_square_5x5_beaten_path,
          minmay_the_grid_square_5x5_hourglass,
          minmay_the_grid_square_5x5_checkered_sparse,
          minmay_the_grid_square_5x5_minimal,
          minmay_the_grid_square_5x5_megaprize_hollow,
          minmay_the_grid_square_5x5_longway,
          minmay_the_grid_square_5x5_checkered,
          minmay_the_grid_square_5x5_inverted_slash,
          minmay_the_grid_square_5x5_meh]

Skill      XL: |  1  2  3  4  5  6  7  8  9 10 11 12 |
---------------+-------------------------------------+-----
Axes           | 4 5 6 7 8 10 11 13 15 16 | 16.7
Fighting       | 4 5 6 8 9 11 12 | 12.0
Dodging        | 3 4 5 6 |  6.8
Armour         | 3 4 5 7 8 10 11 | 11.2
Shields        | 1 2 3 4 5 6 |  6.0
Stealth        | |  0.8
Evocations     | |  0.3

Action                   |  1- 3 |  4- 6 |  7- 9 | 10-12 || total
-------------------------+-------+-------+-------+-------++-------
Melee: Hand axe          |    64 |   104 |   189 |   112 ||   469
       Headbutt          |    10 |    14 |    41 |    92 ||   157
       Broad axe         |       |       |       |    47 ||    47
       Executioner's axe |       |       |       |   160 ||   160
Invok: Berserk           |       |     4 |     6 |    14 ||    24
Evoke: Wand              |       |       |       |     4 ||     4
  Use: Scroll            |       |     2 |     5 |     5 ||    12
       Potion            |       |       |       |     1 ||     1
 Stab: Sleeping          |       |     1 |       |       ||     1
Armor: Animal skin       |    15 |     6 |       |       ||    21
       Scale mail        |       |    25 |    68 |    85 ||   178
Dodge: Dodged            |    38 |    64 |    73 |   139 ||   314
Block: Other             |       |     4 |    37 |    55 ||    96
       Reflection        |       |       |     1 |     2 ||     3
